 Dungeon Crawl Stone Soup version 0.24.0-123-gd5b16e6ec5 (webtiles) character file.

Game seed: 1862621990627300123, levelgen mode: deterministic

169 Goreval the Poker (level 5, -3/41 HPs)
             Began as a Merfolk Gladiator on Jan 9, 2020.
             Slain by an orc wizard
             ... wielding a +0 dagger
              (4 damage)
             ... on level 3 of the Dungeon.
             The game lasted 00:04:01 (2568 turns).

Goreval the Poker (Merfolk Gladiator)               Turns: 2568, Time: 00:04:02

Health: -3/41      AC:  4    Str: 15    XL:     5   Next: 50%
Magic:  5/5        EV: 15    Int:  7    God:
Gold:   117        SH:  0    Dex: 16    Spells: 4/4 levels left

rFire    . . .     SeeInvis .   a - +0 trident
rCold    . . .     Gourm    .   (no shield)
rNeg     . . .     Faith    .   b - +0 leather armour
rPois    .         Spirit   .   c - +0 helmet
rElec    .         Reflect  .   (no cloak)
rCorr    .         Harm     .   (no gloves)
MR       .....                  (no boots)
Stlth    +.........             (no amulet)
HPRegen  0.13/turn              (no ring)
MPRegen  0.09/turn              (no ring)

@: slowed, very slow
A: change form in water, swift swim, stealthy swim
a: no special abilities


You were on level 3 of the Dungeon.
You were not hungry.

You visited 1 branch of the dungeon, and saw 3 of its levels.

You collected 117 gold pieces.

Inventory:

Hand Weapons
 a - a +0 trident (weapon)
Missiles
 d - 3 throwing nets
 e - 51 stones (quivered)
Armour
 b - a +0 leather armour (worn)
 c - a +0 helmet (worn)
Scrolls
 g - 2 scrolls of blinking {unknown}
 h - 5 scrolls of identify {unknown}
 j - a scroll of teleportation {unknown}
 l - a scroll of noise {unknown}
 o - a scroll of enchant weapon {unknown}
Potions
 k - a potion of cancellation {unknown}
 m - a potion of haste {unknown}
 p - a potion of curing {unknown}
 q - a potion of flight {unknown}
 r - a potion of lignification {unknown}
 s - a potion of agility {unknown}
Comestibles
 f - 7 rations
 n - a chunk of flesh


   Skills:
 + Level 3.5 Fighting
 * Level 6.9 Polearms
 - Level 2.0 Throwing
 + Level 5.2 Dodging


You had 4 spell levels left.
You didn't know any spells.
Your spell library contained the following spells:

 Spells                   Type           Power        Failure   Level  Hunger
 Animate Skeleton         Necr           N/A          50%         1    ##.....
 Pain                     Necr           #...         50%         1    ##.....
 Regeneration             Chrm/Necr      #.........   86%         3    ####...
 Vampiric Draining        Necr           #.........   86%         3    ####...
 Animate Dead             Necr           N/A          99%         4    #####..


Dungeon Overview and Level Annotations

Branches:
Dungeon (3/15)

Altars:
Fedhas

Annotations:
D:2 Jessica
D:3 3 runed translucent doors, Pacifist's ghost, amateur HuSk


Message History

Okay, then.
The orc wizard hits you but does no damage.
The orc wizard hits you with a +0 dagger.
* * * LOW HITPOINT WARNING * * *
You see here a +0 dagger.
The orc wizard closely misses you. The orc wizard misses you.
Things that are here:
a +0 dagger; a +0 robe The orc wizard hits you but does no damage.
The orc wizard misses you.
The orc wizard casts a spell.
The orc wizard blinks!
The orc wizard gestures at you while chanting.
The magic dart hits you!
* * * LOW HITPOINT WARNING * * *
Okay, then.
It was a potion of magic.
Magic courses through your body.
The orc wizard hits you with a +0 dagger.
You die...

##...o....##.#
.)........##.#
.)##......##.#
..##......##.#####
..##......##.#.o)#
..##......##.#.#{#
..##......##o#o#.#
..# ########{#{#o#
############'#[#@#
#.........)..#.#
#............#.#
#............#.#
#............#.#
#............#<#
###............####
..................#
...............##.#


You could see an orc wizard and an orc.

Vanquished Creatures
  2 orc wizards (D:3)
  5 adders
  An ooze (D:1)
  A worm (D:2)
  2 dart slugs
  A leopard gecko (D:2)
  8 orcs (D:3)
  8 goblins
  A hobgoblin (D:3)
  5 jackals (D:3)
  A quokka (D:3)
  A ball python (D:3)
  2 bats (D:3)
  3 frilled lizards (D:2)
  5 kobolds
  5 rats
51 creatures vanquished.

Notes
Turn   | Place    | Note
-------+----------+-------------------------------------------
     0 | D:1      | Goreval the Merfolk Gladiator began the quest for the Orb.
     0 | D:1      | Reached XP level 1. HP: 16/16 MP: 1/1
   279 | D:1      | Reached XP level 2. HP: 20/23 MP: 2/2
   820 | D:1      | Reached skill level 5 in Polearms
  1358 | D:2      | Reached XP level 3. HP: 28/28 MP: 3/3
  1506 | D:2      | Noticed Jessica
  1845 | D:2      | Found a blossoming altar of Fedhas.
  1896 | D:3      | Reached XP level 4. HP: 31/34 MP: 4/4
  2020 | D:3      | Reached skill level 6 in Polearms
  2025 | D:3      | Reached skill level 5 in Dodging
  2025 | D:3      | Reached XP level 5. HP: 31/41 MP: 5/5
  2197 | D:3      | Found a runed translucent gate.
  2197 | D:3      | Found a runed translucent gate.
  2198 | D:3      | Found a runed translucent gate.
  2199 | D:3      | Noticed Pacifist's ghost (amateur HuSk)
  2567 | D:3      | HP: 1/41 [orc wizard/magic dart (10)]
  2568 | D:3      | Slain by an orc wizard

Levels and vault maps discovered:
D:1:      sevenhm_arrival_forest_fort_small_4, layout_loops_corners
D:2:      layout_loops_ring, lemuel_coloured_pillars_altar, minmay_lizard_king,
          uniq_jessica
D:3:      layout_basic, ebering_ghost_rock_garden, uniq_robin

Skill      XL: |  1  2  3  4 |
---------------+-------------+-----
Polearms       | 5 6 |  6.9
Fighting       | 3 |  3.5
Dodging        | 5 |  5.2
Throwing       | |  2.0

Action                   |  1- 3 |  4- 6 || total
-------------------------+-------+-------++-------
Melee: Trident           |    58 |    97 ||   155
Throw: Stone             |    27 |    22 ||    49
  Use: Potion            |       |     1 ||     1
  Eat: Ration            |     1 |       ||     1
       Chunk             |       |     2 ||     2
Armor: Leather armour    |    12 |    18 ||    30
Dodge: Dodged            |    17 |    65 ||    82
